 Dungeon Crawl Stone Soup version 0.26-a0-639-g72c4674329 (webtiles) character file.

Game seed: 13999961058997950556

4 Hastur the Gusty (level 1, 0/10 HPs)
             Began as a Tengu Air Elementalist on Sept 19, 2020.
             Slain by a leopard gecko (2 damage)
             ... on level 1 of the Dungeon.
             The game lasted 00:01:08 (388 turns).

Hastur the Gusty (Tengu Air Elementalist)            Turns: 388, Time: 00:01:09

Health: 0/10       AC:  2    Str:  8    XL:     1   Next: 60%
Magic:  0/4        EV: 12    Int: 15    God:
Gold:   17         SH:  0    Dex: 14    Spells: 3/4 levels left

rFire    . . .     SeeInvis .   (no weapon)
rCold    . . .     Faith    .   (no shield)
rNeg     . . .     Spirit   .   a - +0 robe
rPois    .         Reflect  .   (helmet restricted)
rElec    .         Harm     .   (no cloak)
rCorr    .         Rampage  .   (no gloves)
MR       .....                  (boots unavailable)
Stlth    ++........             (no amulet)
HPRegen  0.03/turn              (no ring)
MPRegen  0.09/turn              (no ring)

@: mighty, very slightly contaminated
A: beak, talons 3
a: no special abilities


You were on level 1 of the Dungeon.
You visited 1 branch of the dungeon, and saw 1 of its levels.

You collected 17 gold pieces.

Inventory:

Armour
 a - a +0 robe (worn)
Scrolls
 c - a scroll of identify {unknown}
 d - a scroll of teleportation {unknown}
Potions
 b - a potion of might


   Skills:
 + Level 0.3 Fighting
 - Level 2.1 Dodging
 - Level 2.0 Stealth
 + Level 2.0 Spellcasting
 + Level 1.6 Conjurations
 + Level 4.1 Air Magic


You had 3 spell levels left.
You knew the following spells:

 Your Spells              Type           Power        Failure   Level
a - Shock                 Conj/Air       ##..         7%          1

Your spell library contained the following spells:

 Spells                   Type           Power        Failure   Level
 Swiftness                Air            ##......     6%          2
 Static Discharge         Conj/Air       ##......     21%         3
 Airstrike                Air            ##........   38%         4
 Lightning Bolt           Conj/Air       ##........   88%         5


Dungeon Overview and Level Annotations

Branches:
Dungeon (1/15)

Altars:


Innate Abilities, Weirdness & Mutations

You have a beak for a mouth.
You have claws for feet.


Message History

There is an open door here.
You open the door.
Found 18 stones.
There is an open door here.
You see here 18 stones.
Found a club.
You see here a club.
You open the door.
There is an open door here.
A kobold comes into view.
Found a scroll labeled LIDUVO EDUBB.
Aim: a kobold, quivering 3 stones (asleep)
The zap hits the kobold.
The kobold shouts!
The kobold throws a stone.
The stone barely misses you.
Aim: a kobold, quivering 2 stones (heavily wounded)
The zap misses the kobold.
A leopard gecko comes into view.
The kobold throws a stone.
The stone barely misses you.
Aim: a kobold, quivering a stone (heavily wounded)
You miscast Shock.
You are very lightly contaminated with residual magic.
Nothing appears to happen.
The kobold throws a stone.
The stone closely misses you.
Aim: a kobold (moderately wounded)
The zap hits the kobold.
Your magical contamination has completely faded away.
There is an open door here.
The leopard gecko barely misses you. The leopard gecko barely misses you.
The leopard gecko bites you.
You see here a club.
The leopard gecko misses you.
The zap misses the leopard gecko.
The zap hits the leopard gecko.
The leopard gecko bites you.
* * * LOW HITPOINT WARNING * * *
You miscast Shock.
You are very lightly contaminated with residual magic.
Nothing appears to happen.
The leopard gecko bites you but does no damage.
The zap hits the leopard gecko.
The zap misses the leopard gecko.
The zap hits the kobold.
The leopard gecko bites you.
* * * LOW HITPOINT WARNING * * *
You don't have enough magic to cast that spell.
You aren't carrying any items that you can evoke.
Unknown command.
It was a potion of might.
You feel very mighty all of a sudden. The leopard gecko bites you.
You die...

#.# #.#
#.# #.#
#)# #.#
#.# #.#
#.# #.#
#.# #.#
#K# #.#
#l####.#
#.@....#
#.####.#
### ###


You could see a leopard gecko and a kobold.

Vanquished Creatures
  A bat (D:1)
  A hobgoblin (D:1)
  A frilled lizard (D:1)
  A rat (D:1)
4 creatures vanquished.

Notes
Turn   | Place    | Note
-------+----------+-------------------------------------------
     0 | D:1      | Hastur the Tengu Air Elementalist began the quest for the
                  | Orb.
     0 | D:1      | Reached XP level 1. HP: 10/10 MP: 4/4
   388 | D:1      | Slain by a leopard gecko

Illustrated notes

Levels and vault maps discovered:
D:1:      dpeg_arrival_round_b, layout_basic, minmay_stone_trees_medium

Action                   || total
-------------------------++-------
 Cast: Shock             ||    10
  Use: Potion            ||     1
Armor: Robe              ||     1
Dodge: Dodged            ||     8

Table legend: (Time is in decaauts)
 A = Elapsed time spent in this place.
 B = Non-inter-level travel time spent in this place.
 C = Inter-level travel time spent in this place.
 D = Time resting spent in this place.
 E = Time spent auto-exploring this place.
 F = Levels seen in this place.
 G = Mean time per level.
                   A        B        C        D        E       F      G
               +--------+--------+--------+--------+--------+-----+--------+
         Total |    388 |    388 |      0 |     31 |    300 |   1 |  388.0 |
       Dungeon |    388 |    388 |      0 |     31 |    300 |   1 |  388.0 |
               +--------+--------+--------+--------+--------+-----+--------+

Top non-repeatable levels by time:
     D:1: 388 daAuts
